AoeStats
← Fs.Carniça

Arena

510148262Analyzed
4v4 RM · 19h ago on Sep 29, 2026· 47m 20s· 8 players
Game mode
Random Map
Map size
Large (8 player)
Population
200
Speed
Normal
Resources
Standard
Victory
Conquest
Starting age
Dark Age
Ending age
Imperial Age
RankedLock teamsTeams togetherTeam positionsShared explorationLock speedFull tech treeHidden civsTurbo modeCheats
Victory
Defeat
🇪🇸 Byzantines · Spain
2074
+2
🇪🇸 Turks · Spain
1650
+11
🇪🇸 Goths · Spain
1591
+13
🇦🇷 Bengalis · Argentina
1265
+25
🇩🇪 Ethiopians · Germany
1588
-14
🇨🇿 Slavs · Czechia
1578
-14
🇳🇱 Georgians · Netherlands
1539
-12
🇧🇷 Aztecs · Brazil
1515
-11
Night Prowler
12:17 Feudal Age
13:26 Double-Bit Axe
13:26 Horse Collar
16:08 Castle Age
14:57 Loom
17:19 Bow Saw
17:11 Heavy Plow
26:58 Scale Barding Armor
28:56 Bloodlines
31:54 Chain Barding Armor
32:51 Forging
36:57 Imperial Age
36:12 Wheelbarrow
36:32 Gold Mining
37:01 Padded Archer Armor
36:49 Town Watch
37:18 Husbandry
37:43 Fortified Wall
38:41 Chemistry
38:22 Leather Archer Armor
45:51 Light Cavalry
Fs.zanatta
10:14 Feudal Age
14:22 Castle Age
13:29 Double-Bit Axe
16:41 Loom
21:27 Scale Mail Armor
30:43 Fletching
35:58 Horse Collar
36:39 Bow Saw
37:09 Heavy Plow
37:57 Wheelbarrow
40:00 Hand Cart
41:32 Bodkin Arrow
45:06 Imperial Age
43:05 Padded Archer Armor
44:17 Leather Archer Armor
43:53 Crossbowman
44:39 Thumb Ring
46:54 Chemistry
46:13 Arbalester
Joseph90
11:15 Feudal Age
12:26 Double-Bit Axe
15:07 Castle Age
12:51 Horse Collar
16:12 Wheelbarrow
17:05 Bow Saw
16:56 Heavy Plow
17:26 Loom
18:30 Loom
19:33 Town Watch
23:59 Stone Mining
25:45 Gold Mining
26:13 Hand Cart
29:00 Imperial Age
27:34 Detinets
28:34 Coinage
28:12 Scale Barding Armor
29:17 Chain Barding Armor
29:08 Forging
30:12 Conscription
30:35 Plate Barding Armor
30:14 Forging
31:07 Two-Man Saw
30:46 Crop Rotation
33:09 Iron Casting
32:18 Elite Boyar
33:44 Man-at-Arms
34:25 Squires
34:19 Long Swordsman
34:29 Long Swordsman
35:20 Two-Handed Swordsman
36:06 Druzhina
36:49 Banking
38:06 Blast Furnace
36:51 Champion
40:16 Scale Mail Armor
40:06 Fletching
41:22 Chain Mail Armor
40:59 Fletching
46:15 Plate Mail Armor
45:41 Bodkin Arrow
46:40 Husbandry
46:50 Bloodlines
Fs.Carniça
10:32 Feudal Age
10:31 Loom
14:15 Castle Age
13:57 Double-Bit Axe
13:53 Horse Collar
15:57 Bow Saw
30:25 Sanctity
34:15 Gold Mining
37:46 Imperial Age
37:12 Wheelbarrow
38:02 Forging
40:10 Hand Cart
39:59 Heavy Plow
CQ.BENJI
11:02 Feudal Age
14:36 Castle Age
12:37 Double-Bit Axe
12:34 Horse Collar
17:33 Loom
24:31 Padded Archer Armor
25:31 Bow Saw
32:46 Wheelbarrow
34:55 Imperial Age
34:30 Fletching
34:56 Thumb Ring
35:08 Leather Archer Armor
35:21 Bodkin Arrow
36:48 Bracer
37:30 Ballistics
38:24 Ring Archer Armor
39:25 Sipahi
40:20 Bloodlines
40:45 Town Watch
43:19 Heavy Cavalry Archer
45:58 Hand Cart
46:46 Two-Man Saw
Mark Renton
10:45 Feudal Age
14:29 Castle Age
13:39 Double-Bit Axe
15:27 Wheelbarrow
15:38 Town Watch
16:43 Bow Saw
17:15 Loom
19:09 Horse Collar
22:43 Fletching
24:34 Bodkin Arrow
26:28 Hand Cart
26:34 Padded Archer Armor
26:47 Bloodlines
28:41 Heavy Plow
28:31 Gold Mining
33:06 Imperial Age
31:33 Husbandry
32:04 Ballistics
32:34 Leather Archer Armor
33:07 Murder Holes
33:53 Elite Elephant Archer
36:05 Chemistry
35:06 Bracer
37:26 Ring Archer Armor
37:23 Scale Barding Armor
37:29 Forging
37:36 Elite Battle Elephant
40:25 Chain Barding Armor
40:40 Iron Casting
40:33 Paiks
41:37 Conscription
44:38 Caravan
45:19 Coinage
45:59 Plate Barding Armor
46:46 Banking
Oni.TaToH
10:56 Feudal Age
14:41 Castle Age
12:47 Double-Bit Axe
12:47 Horse Collar
13:45 Gold Mining
15:55 Bow Saw
15:56 Heavy Plow
20:37 Loom
21:27 Wheelbarrow
21:27 Stone Mining
21:41 Fletching
23:16 Ballistics
23:02 Bodkin Arrow
27:16 Imperial Age
25:29 Guard Tower
28:53 Imperial Age
27:12 Hand Cart
27:32 Scale Barding Armor
30:37 Chemistry
29:59 Conscription
30:12 Bracer
32:23 Scale Mail Armor
31:46 Pikeman
33:37 Squires
34:55 Gold Mining
35:10 Halberdier
36:35 Chain Mail Armor
37:12 Forging
36:49 Arson
37:51 Gold Shaft Mining
37:47 Crop Rotation
38:18 Two-Man Saw
38:23 Logistica
39:22 Plate Mail Armor
39:27 Iron Casting
39:11 Elite Varangian Guard
40:43 Coinage
40:51 Gambesons
41:49 Chain Barding Armor
42:32 Banking
42:12 Guilds
44:39 Husbandry
44:27 Elite Cataphract
46:44 Plate Barding Armor
DK_Exmerior
10:15 Feudal Age
11:19 Loom
14:07 Castle Age
12:06 Double-Bit Axe
12:20 Horse Collar
13:59 Town Watch
15:09 Bow Saw
16:10 Heavy Plow
26:15 Wheelbarrow
28:41 Imperial Age
26:18 Stone Mining
26:56 Gold Mining
28:09 Scale Mail Armor
28:19 Forging
28:59 Stone Shaft Mining
29:16 Chain Mail Armor
30:25 Iron Casting
29:52 Squires
31:14 Chemistry
30:31 Hand Cart
31:14 Conscription
31:03 Capped Ram
33:08 Blast Furnace
31:58 Pikeman
33:01 Halberdier
38:55 Anarchy
41:10 Padded Archer Armor
41:31 Ballistics
41:22 Masonry
41:42 Perfusion
43:42 Leather Archer Armor
45:22 Two-Man Saw
44:53 Crop Rotation
45:15 Coinage
46:37 Ring Archer Armor
Connection lost

Rejoining the realm…

Still unreachable

The connection could not be restored.

Session expired

The server has moved on; the page needs a fresh start.